 Dungeon Crawl Stone Soup version 0.23.1-38-g628c18f (webtiles) character file.

Game seed: 214075192752824415

554443 Borgoz the Spry (level 26, -16/227 HPs)
             Began as a Ghoul Monk on Mar 22, 2019.
             Was the Champion of Ashenzari.
             Demolished by a bennu (18 damage)
             ... on level 1 of the Tomb of the Ancients on Mar 28, 2019.
             The game lasted 04:26:21 (70026 turns).

Borgoz the Spry (Ghoul Monk)                       Turns: 70026, Time: 04:26:22

Health: -16/227    AC: 48    Str: 21    XL:     26   Next: 42%
Magic:  0/36       EV: 16    Int:  8    God:    Ashenzari [******]
Gold:   4392       SH: 10    Dex: 21    Spells: 29/46 levels left

rFire    + . .     SeeInvis +   a - +9 rapier (elec)
rCold    + . .     Gourm    .   Y - +3 buckler {reflect} (curse)
rNeg     + + +     Faith    .   f - +12 crystal plate armour of the Modern Mice {rElec rN+ Str+2} (curse)
rPois    ∞         Spirit   +   u - +1 helmet
rElec    +         Reflect  +   L - scarf {repulsion}
rCorr    .         Harm     .   O - +2 pair of gloves
MR       +....     Clarity  +   C - +2 pair of boots {Stlth+} (curse)
Stlth    ..........             t - amulet of guardian spirit (curse)
HPRegen  0.00/turn              V - +5 ring of dexterity (curse)
MPRegen  0.25/turn              z - ring "Yrghufie" {Wiz rF+}

@: confusing touch, rotting, slowed, repel missiles, very slow
A: rotting body, claws 1, carnivore, cold resistance 1, negative energy
resistance 3, inhibited regeneration, torment resistance, unbreathing
}: 3/15 runes: decaying, abyssal, gossamer
a: Curse Item, Scrying, Transfer Knowledge, Renounce Religion


You were on level 1 of the Tomb of the Ancients.
You worshipped Ashenzari.
Ashenzari was exalted by your worship.
You were not hungry.

You visited 12 branches of the dungeon, and saw 47 of its levels.
You visited the Abyss 5 times.
You also visited: Bailey, Gauntlet and Wizlab.

You collected 6454 gold pieces.
You spent 2062 gold pieces at shops.

Inventory:

Hand Weapons
 a - a +9 rapier of electrocution (weapon)
 b - a +9 antimagic rapier
 g - the +8 dagger of Greed {pierce, rF- Int+4 Dex+7}
   (You found it on level 1 of the Crypt)

   It inflicts extra damage upon your enemies.
   It affects your intelligence (+4).
   It affects your dexterity (+7).
   It makes you vulnerable to fire.
Missiles
 q - 56 tomahawks
 J - 3 throwing nets (quivered)
Armour
 f - the cursed +12 crystal plate armour of the Modern Mice (worn) {rElec rN+ Str+2}
   (You acquired it in a Gauntlet)

   It affects your strength (+2).
   It insulates you from electricity.
   It protects you from negative energy.
   It has a curse placed upon it.
 u - a +1 helmet (worn)
 y - the cursed +0 plate armour "Sirchocee" {Regen+ Str+2}
   (You found it on level 3 of the Crypt)

   It affects your strength (+2).
   It increases your rate of regeneration.
   It has a curse placed upon it.
 C - a cursed +2 pair of boots of stealth (worn)
 I - the +2 cloak of Uteepaufi {Int+6 Dex-3}
   (You found it on level 1 of the Tomb of the Ancients)

   It affects your intelligence (+6).
   It affects your dexterity (-3).
 L - a scarf of repulsion (worn)
 O - a +2 pair of gloves (worn)
 Y - a cursed +3 buckler of reflection (worn)
Jewellery
 i - a +4 ring of strength
 t - a cursed amulet of guardian spirit (around neck)
 x - an uncursed ring of protection from fire
 z - the ring "Yrghufie" (right hand) {Wiz rF+}
   (You found it on level 3 of the Spider Nest)

   [ring of wizardry]

   It improves your spell success rate.
   It protects you from fire.
 K - an uncursed ring of protection from fire
 V - a cursed +5 ring of dexterity (left hand)
 W - an uncursed ring of ice
Wands
 s - a wand of scattershot (12)
 v - a wand of acid (32)
 w - a wand of paralysis (45)
 E - a wand of disintegration (29)
 F - a wand of enslavement (10)
 G - a wand of clouds (6)
 H - a wand of digging (12)
 Q - a wand of iceblast (57)
Scrolls
 d - 3 scrolls of silence
 h - 5 scrolls of magic mapping
 l - 4 scrolls of identify
 m - 2 scrolls of enchant armour
 n - a scroll of amnesia
 o - a scroll of enchant weapon
 A - 7 scrolls of blinking
 B - 12 scrolls of remove curse
 P - 2 scrolls of fear
Potions
 e - 17 potions of curing
 j - 2 potions of haste
 k - 2 potions of agility
 p - a potion of resistance
 r - 13 potions of flight
 D - a potion of magic
 S - 2 potions of ambrosia
 U - 3 potions of cancellation
Comestibles
 c - 98 rations


   Skills:
 + Level 16.9 Fighting
 + Level 16.1 Short Blades
 - Level 0.6 Throwing
 * Level 19.1 Armour
 * Level 19.2 Dodging
 + Level 15.8 Stealth
 - Level 7.2(10.3) Shields
 + Level 10.5 Spellcasting
 - Level 3.7(6.5) Conjurations
 + Level 12.2(14.9) Hexes
 - Level 5.7(8.8) Necromancy
 - Level 2.4(4.8) Translocations
 - Level 3.9(6.7) Air Magic
 - Level 2.1(4.4) Earth Magic
 - Level 4.4(7.3) Poison Magic
 + Level 6.6(9.7) Evocations


You had 29 spell levels left.
You knew the following spells:

 Your Spells              Type           Power        Failure   Level  Hunger
a - Corona                Hex            ####...      1%          1    None
b - Ensorcelled Hibernat  Hex/Ice        ###...       11%         2    #......
c - Confuse               Hex            ####....     1%          3    ###....
d - Confusing Touch       Hex            ####..       1%          1    None
e - Borgnjor's Vile Clut  Necr/Erth      ##........   94%         5    ######.
f - Blink                 Tloc           N/A          32%         2    #......
g - Mephitic Cloud        Conj/Pois/Air  ###.....     28%         3    ###....

Your spell library contained the following spells:

 Spells                   Type           Power        Failure   Level  Hunger
 Slow                     Hex            ####....     1%          2    #......
 Tukima's Dance           Hex            ####....     1%          3    ###....
 Cause Fear               Hex            ####......   3%          4    ####...
 Animate Skeleton         Necr           N/A          4%          1    None
 Pain                     Necr           ###.         4%          1    None
 Corpse Rot               Necr           N/A          6%          2    #......
 Dazzling Spray           Conj/Hex       ###...       6%          3    ###....
 Portal Projectile        Hex/Tloc       ###...       9%          3    ###....
 Sting                    Conj/Pois      ###.         10%         1    None
 Shock                    Conj/Air       ##..         11%         1    None
 Magic Dart               Conj           ##..         12%         1    None
 Vampiric Draining        Necr           ###.......   13%         3    ###....
 Poisonous Vapours        Pois/Air       ###...       14%         2    #......
 Searing Ray              Conj           ##....       16%         2    #......
 Fulminant Prism          Conj/Hex       ###.......   19%         4    ####...
 Inner Flame              Hex/Fire       ###.....     21%         3    ###....
 Spectral Weapon          Hex/Chrm       ###.....     21%         3    ###....
 Summon Guardian Golem    Hex/Summ       ###.....     21%         3    ###....
 Leda's Liquefaction      Hex/Erth       ###.......   28%         4    ####...
 Static Discharge         Conj/Air       ##......     30%         3    ###....
 Animate Dead             Necr           N/A          38%         4    ####...
 Swiftness                Chrm/Air       #.......     45%         2    #......
 Silence                  Hex/Air        ###.......   45%         5    ######.
 Darkness                 Hex            ####......   45%         6    #######
 Throw Frost              Conj/Ice       #.....       47%         2    #......
 Gell's Gravitas          Tloc           ##........   52%         3    ###....
 Regeneration             Chrm/Necr      ##........   54%         3    ###....
 Shroud of Golubria       Chrm/Tloc      #.........   58%         2    #......
 Olgreb's Toxic Radiance  Pois           ###.....     58%         4    ####...
 Airstrike                Air            ##........   65%         4    ####...
 Iskenderun's Mystic Bla  Conj           ##......     69%         4    ####...
 Conjure Flame            Conj/Fire      #.......     71%         3    ###....
 Agony                    Necr           ###.....     71%         5    ######.
 Dispel Undead            Necr           ###.....     71%         5    ######.
 Freeze                   Ice            #...         77%         1    None
 Infusion                 Chrm           #...         77%         1    None
 Summon Small Mammal      Summ           #...         77%         1    None
 Ignite Poison            Fire/Tmut/Pois #.......     80%         3    ###....
 Force Lance              Conj/Tloc      ##......     80%         4    ####...
 Recall                   Summ/Tloc      N/A          82%         3    ###....
 Metabolic Englaciation   Hex/Ice        ###.......   86%         5    ######.
 Yara's Violent Unravell  Hex/Tmut       ###.......   86%         5    ######.
 Call Imp                 Summ           #.......     87%         2    #......
 Song of Slaying          Chrm           #.......     87%         2    #......
 Sticks to Snakes         Tmut           #.......     87%         2    #......
 Venom Bolt               Conj/Pois      ###.......   92%         5    ######.
 Lightning Bolt           Conj/Air       ##........   94%         5    ######.
 Summon Lightning Spire   Summ/Air       #.......     97%         4    ####...
 Throw Icicle             Conj/Ice       #.......     97%         4    ####...
 Call Canine Familiar     Summ           #.......     98%         3    ###....
 Ozocubu's Armour         Chrm/Ice       #.......     98%         3    ###....
 Petrify                  Tmut/Erth      #.......     99%         4    ####...
 Excruciating Wounds      Chrm/Necr      ##........   99%         5    ######.
 Death Channel            Necr           ###.......   99%         6    #######
 Summon Ice Beast         Ice/Summ       #.......     100%        4    ####...
 Alistair's Intoxication  Tmut/Pois      ##......     100%        5    ######.
 Bolt of Magma            Conj/Fire/Erth ##........   100%        5    ######.
 Irradiate                Conj/Tmut      #.........   100%        5    ######.
 Iskenderun's Battlesphe  Conj/Chrm      #.......     100%        5    ######.
 Deflect Missiles         Chrm/Air       #.........   100%        6    #######
 Iron Shot                Conj/Erth      ##........   100%        6    #######
 Shadow Creatures         Summ           N/A          100%        6    #######
 Simulacrum               Ice/Necr       ##........   100%        6    #######
 Haunt                    Necr/Summ      ##........   100%        7    #######
 Discord                  Hex            ####......   100%        8    #######
 Ignition                 Fire           #.........   100%        8    #######
 Infestation              Necr           ###.......   100%        8    #######
 Shatter                  Erth           ##........   100%        9    #######
 Tornado                  Air            ##........   100%        9    #######
 Sublimation of Blood     Necr           Unusable     N/A         2    N/A
 Spider Form              Tmut/Pois      Unusable     N/A         3    N/A
 Beastly Appendage        Tmut           Unusable     N/A         1    N/A
 Ice Form                 Ice/Tmut       Unusable     N/A         4    N/A
 Blade Hands              Tmut           Unusable     N/A         5    N/A
 Statue Form              Tmut/Erth      Unusable     N/A         6    N/A
 Borgnjor's Revivificati  Necr           Unusable     N/A         8    N/A
 Death's Door             Chrm/Necr      Unusable     N/A         8    N/A
 Necromutation            Tmut/Necr      Unusable     N/A         8    N/A

Dungeon Overview and Level Annotations

Branches:
Dungeon (15/15)            Temple (1/1) D:5            Lair (6/6) D:8
  Swamp (4/4) Lair:2       Spider (4/4) Lair:3        Slime (1/5) Lair:6
    Orc (2/2) D:10            Elf (3/3) Orc:2        Vaults (4/5) D:14
  Crypt (3/3) Vaults:3       Tomb (1/3) Crypt:3      Depths (3/5) D:15

Altars:
Ashenzari
Cheibriados
Dithmenos
Elyvilon
Fedhas
Gozag
Hepliaklqana
Kikubaaqudgha
Makhleb
Nemelex Xobeh
Okawaru
Qazlal
Ru
Sif Muna
Trog
Uskayaw
Vehumet
Wu Jian
Xom
Yredelemnul
Zin
The Shining One
Beogh
Jiyva

Shops:
D:7 :   D:8 [   D:10 %   Orc:2 ((?(   Elf:1 *   Vaults:4 *

Portals:
Hell: Depths:1 Depths:2
Abyss: Depths:1
Pandemonium: Depths:2
Ziggurat: Depths:2

Annotations:
D:13 bmj180's ghost, journeyman HOFi
Vaults:2 astronautguy's ghost, master FoEE


Innate Abilities, Weirdness & Mutations

Your body is rotting away.
You thrive on raw meat.
You are immune to poison.
You have sharp fingernails.
You are carnivorous and can eat meat at any time.
Your flesh is cold resistant. (rC+)
You are immune to negative energy. (rN+++)
You do not regenerate when monsters are visible.
You are immune to unholy pain and torment.
You can survive without breathing.


Message History

The bennu claws you!
* * * LOW HITPOINT WARNING * * *
You hit the bennu but do no damage.
The bennu is heavily wounded.
The bennu misses you. You block the bennu's attack.
The bennu closely misses you.
You closely miss the bennu.
The bennu is moderately wounded.
The bennu barely misses you.
The bennu claws you but does no damage. x2
You hit the bennu but do no damage.
The bennu is moderately wounded.
The bennu pecks you but does no damage.
The bennu claws you but does no damage. x2
The bennu pecks you but does no damage. The bennu claws you but does no damage.
The bennu misses you.
You hit the bennu but do no damage.
The bennu is moderately wounded.
The bennu pecks you!
* * * LOW HITPOINT WARNING * * *
The bennu sears you!!
You die...

#..........# ,, , , ,,
#..........# ,, , ,,
#..........#* * * * **
#..........########## **
#.................... ,,
#.................... ,
#.................... ,,
#.................... ,,
#<......@b........... ,
#####################***


You could see a bennu.

Vanquished Creatures
  3 ancient liches
  A juggernaut (Depths:2)
  Sojobo (Vaults:2)
  A greater mummy (Crypt:3)
  Margery (Vaults:3)
  Saint Roka (Crypt:3)
  Bai Suzhen (Vaults:2)
  A golden dragon (Depths:2)
  Nikola (Elf:1)
  Arachne (Spider:1)
  4 bone dragons
  Jorgrun (Elf:1)
  A tentacled monstrosity (Depths:2)
  A shard shrike skeleton (Crypt:1)
  A deep elf master archer (Elf:3)
  A titan (Depths:2)
  4 deep elf blademasters
  4 liches
  An Executioner (Abyss:5)
  6 sphinxes
  6 tentacled starspawn
  3 thorn hunters
  6 ancient champions
  The ghost of ABBCCCDDDD the Warrior, an adept VSFi of Okawaru (Swamp:3)
  10 revenants
  Roxanne (Elf:3)
  4 tengu reavers
  The ghost of sdfsdf the Severer, a journeyman DDFi of Makhleb (Spider:3)
  9 frost giants
  8 fire giants
  14 vault wardens
  8 emperor scorpions
  3 orc warlords
  6 deep elf elementalists (Elf:3)
  Aizul (Elf:1)
  2 reapers (Crypt:1)
  Louise (Elf:1)
  5 deep elf sorcerers
  10 ghouls
  3 ghost moths
  3 curse skulls
  13 very ugly things
  18 stone giants
  19 ironheart preservers
  A bennu (Tomb:1)
  4 entropy weavers
  7 deep elf annihilators
  A lorocyproca (Depths:2)
  6 dire elephants (Lair:6)
  3 minotaurs
  5 deep elf demonologists
  8 vampire knights
  8 spark wasps
  9 ettins
  5 eidola
  5 mummy priests
  8 deep elf death magi
  The ghost of Redear the Unseen, a journeyman FeBe of Trog (Swamp:3)
  A merfolk impaler (Vaults:2)
  10 jiangshi
  3 merfolk javelineers
  7 fire dragons
  6 deep elf high priests (Elf:3)
  8 yaktaur captains
  3 great orbs of eyes (Depths:2)
  A vault guard (Vaults:1)
  10 hydras
  7 ice dragons
  2 spriggan air magi (Depths:2)
  6 rakshasas
  2 ghost crabs (Swamp:4)
  4 death knights
  An anaconda (Lair:6)
  17 alligators
  24 dancing weapons
  An alligator (shapeshifter) (Depths:2)
  12 centaur warriors
  3 spriggan berserkers (Depths:2)
  5 deep troll earth magi
  7 vampire magi
  5 tengu warriors
  15 death scarabs (Tomb:1)
  A queen ant (Lair:3)
  58 two-headed ogres
  2 deep troll shamans
  8 death yaks
  20 ogre magi
  6 thrashing horrors (Abyss:5)
  Nergalle (D:12)
  Sonja (D:12)
  5 wretched stars
  31 deep elf knights
  A titan skeleton (Crypt:1)
  5 hell knights
  7 soul eaters
  2 shadow wraiths
  A storm dragon zombie (Crypt:2)
  A spark wasp zombie (D:15)
  A sixfirhy (Abyss:2)
  2 spriggan druids (Swamp:4)
  A spatial maelstrom (Abyss:2)
  41 skeletal warriors
  A storm dragon skeleton (Crypt:1)
  3 unseen horrors
  7 wizards
  A glowing orange brain (Depths:2)
  4 swamp dragons
  A spectral hydra (Swamp:4)
  3 phantasmal warriors
  15 deep elf archers
  A death drake (shapeshifter) (D:12)
  8 flayed ghosts
  18 deep trolls
  17 orc knights
  8 harpies
  12 ironbrand convokers
  22 wolf spiders
  2 harpies (shapeshifter) (Vaults:1)
  16 orb spiders
  2 shadow dragon skeletons
  12 necromancers
  63 deep elf magi
  47 ugly things
  A frost giant zombie (D:15)
  An oklob plant (Swamp:4)
  10 cyclopes
  A manticore (D:15)
  4 orc sorcerers
  A wolf spider zombie (Abyss:4)
  14 large abominations
  2 moths of wrath
  4 elephants (Lair:6)
  2 black mambas (shapeshifter)
  A rust devil (Depths:2)
  13 vault sentinels
  A salamander (shapeshifter) (Elf:3)
  A water nymph (shapeshifter) (Depths:1)
  A guardian serpent (shapeshifter) (Vaults:1)
  Maurice (D:9)
  4 smoke demons
  A guardian serpent (Abyss:3)
  2 centaur zombies
  2 black mambas
  A spiny frog (shapeshifter) (Abyss:2)
  2 apocalypse crabs (Abyss:5)
  5 torpor snails
  3 gargoyles
  14 spiny frogs
  An ice statue (Gauntlet)
  A white draconian zombie (Crypt:3)
  4 rime drakes
  A yaktaur (shapeshifter) (D:13)
  20 yaktaurs
  5 swamp worm zombies (Swamp:4)
  4 freezing wraiths
  13 komodo dragons
  9 demonic crawlers
  4 hellwings
  37 guardian mummies
  A minotaur skeleton (Crypt:2)
  2 efreet
  An ancient zyme (Abyss:5)
  A pale draconian skeleton (Crypt:2)
  4 hydra zombies (Swamp:4)
  A white draconian skeleton (Crypt:3)
  24 jumping spiders
  6 meliai
  2 tengu conjurers (Depths:2)
  16 trolls
  3 polar bears
  9 tyrant leeches
  4 alligator zombies
  21 blink frogs
  15 hornets
  17 slime creatures
  A blink frog (shapeshifter) (Vaults:2)
  6 raiju
  A raiju (shapeshifter) (Vaults:2)
  A death drake skeleton (Crypt:1)
  A meliai zombie (D:15)
  4 spectral swamp dragons (Swamp:4)
  18 bog bodies
  A hippogriff (shapeshifter) (Vaults:4)
  9 dream sheep
  5 hippogriffs
  A fire dragon skeleton (Crypt:1)
  2 air elementals
  6 flying skulls (Tomb:1)
  3 water elementals
  An ice dragon skeleton (Crypt:1)
  6 spriggans
  A tarantella (shapeshifter) (Vaults:3)
  60 redbacks
  An ettin skeleton (D:15)
  A wind drake zombie (Crypt:1)
  2 ynoxinuls
  4 wyverns
  4 wraiths
  3 shadows
  5 vampires
  2 spriggans (shapeshifter)
  28 tarantellas
  12 ushabtiu (Crypt:3)
  Eustachio (D:4)
  A neqoxec (Abyss:2)
  30 yaks
  4 hungry ghosts
  A spriggan skeleton (D:15)
  3 basilisks
  4 fire elementals
  Grum (D:11)
  2 chaos spawn
  6 vampire mosquitoes
  A naga (shapeshifter) (D:15)
  5 wargs
  11 swamp worms
  5 insubstantial wisps
  20 soldier ants (Lair:3)
  A spectral snapping turtle (Crypt:2)
  2 two-headed ogre zombies (WizLab)
  2 acid dragons
  8 porcupines
  5 swamp drakes
  43 orc warriors
  An infernal demonspawn skeleton (Crypt:2)
  11 water moccasins
  3 sky beasts
  2 snapping turtle zombies (Crypt:2)
  A hornet zombie (D:12)
  A monstrous demonspawn skeleton (Crypt:2)
  An eye of draining (D:8)
  4 ice beasts
  3 black bears
  10 phantoms
  11 boggarts
  2 necrophages (Crypt:1)
  15 wolves
  3 swamp dragon zombies (Swamp:4)
  2 eyes of draining (shapeshifter)
  62 ogres
  A blink frog zombie (Crypt:2)
  14 crocodiles
  16 centaurs
  A crocodile (shapeshifter) (Vaults:4)
  2 big kobolds
  4 elf zombies (Elf:1)
  A yaktaur zombie (Crypt:2)
  19 bullfrogs
  An earth elemental (Elf:3)
  A gnoll sergeant (Orc:2)
  2 hippogriff skeletons
  A deep troll simulacrum (Vaults:2)
  A komodo dragon skeleton (Crypt:3)
  A wyvern skeleton (D:8)
  3 scorpions
  6 small abominations
  9 troll zombies
  6 killer bees (D:11)
  23 wights
  5 electric eels
  9 howler monkeys
  A crimson imp (D:6)
  A gnoll shaman (D:6)
  7 starcursed masses (Abyss:4)
  3 bullfrog zombies
  A demonspawn zombie (Crypt:3)
  4 centaur skeletons
  23 orc priests
  5 hounds
  3 jellies
  22 orc wizards
  2 bullfrog skeletons
  A black bear skeleton (Crypt:2)
  A demonspawn skeleton (Crypt:2)
  4 iguanas
  2 spectral swamp drakes (Swamp:4)
  23 worker ants
  6 ogre zombies (WizLab)
  A hound zombie (D:8)
  An acid dragon skeleton (Crypt:3)
  A deep dwarf skeleton (Crypt:1)
  A howler monkey zombie (D:10)
  11 mummies
  2 worker ant zombies
  6 gnolls
  A swamp drake zombie (Swamp:4)
  19 adders
  4 shadow imps
  A white imp (Gauntlet)
  An ooze (D:3)
  3 adder skeletons
  An adder zombie (D:8)
  2 worms
  6 dart slugs
  4 leopard geckos
  115 orcs
  A ball python (D:1)
  6 giant cockroaches
  11 goblins
  9 hobgoblins
  9 jackals
  13 kobolds
  3 quokkas
  6 bats
  3 frilled lizards
  A goblin skeleton (Crypt:1)
  A quokka zombie (D:8)
  11 rats
  4 crawling corpses (Elf:3)
  A plant (Gauntlet)
2169 creatures vanquished.

Vanquished Creatures (others)
  A deep elf master archer (Elf:3)
  A vault warden (Vaults:4)
  A yaktaur captain (Depths:2)
  A tengu warrior (Depths:2)
  A shadow wraith (Vaults:4)
  A deep elf archer (Vaults:2)
  A deep elf mage (Elf:2)
  An orc sorcerer (Orc:1)
  An ugly thing (Vaults:2)
  2 vault sentinels (Vaults:2)
  A jumping spider (Spider:2)
  A raiju (Abyss:5)
  A redback (Spider:4)
  A ynoxinul (Abyss:3)
  4 insubstantial wisps (Swamp:4)
  An ogre (Depths:2)
  A boggart (Depths:1)
  A wight (D:15)
  A mummy (Crypt:3)
  2 orcs (Vaults:2)
  A demonic plant (Gauntlet)
  7 fungi
  A lurking horror (Abyss:3)
  21 plants
  17 starspawn tentacles
72 creatures vanquished.

Grand Total: 2241 creatures vanquished

Notes
Turn   | Place    | Note
-------+----------+-------------------------------------------
     0 | D:1      | Borgoz the Ghoul Monk began the quest for the Orb.
     0 | D:1      | Reached XP level 1. HP: 19/19 MP: 0/0
   133 | D:1      | Reached XP level 2. HP: 22/26 MP: 1/1
   234 | D:1      | Reached skill level 1 in Armour
   436 | D:1      | Reached XP level 3. HP: 27/31 MP: 2/2
   700 | D:2      | Reached XP level 4. HP: 13/39 MP: 3/3
  1082 | D:2      | Reached XP level 5. HP: 46/46 MP: 4/4
  1851 | D:3      | Reached XP level 6. HP: 40/52 MP: 5/5
  2082 | D:3      | Found a sparkling altar of Nemelex Xobeh.
  2349 | D:4      | Noticed Eustachio
  2497 | D:4      | Noticed a hornet
  2511 | D:4      | Reached XP level 7. HP: 60/60 MP: 6/6
  2527 | D:4      | Killed a hornet
  2645 | D:4      | Reached skill level 5 in Short Blades
  2737 | D:4      | Killed Eustachio
  2737 | D:4      | Reached skill level 5 in Fighting
  2737 | D:4      | Reached XP level 8. HP: 25/68 MP: 7/7
  2906 | D:4      | Found an opulent altar of Gozag.
  3033 | D:5      | Entered Level 5 of the Dungeon
  3519 | D:5      | Found a staircase to the Ecumenical Temple.
  3524 | Temple   | Entered the Ecumenical Temple
  3966 | D:6      | Reached skill level 5 in Armour
  4302 | D:6      | Reached skill level 5 in Dodging
  4426 | D:6      | Found a shattered altar of Ashenzari.
  4459 | D:6      | Became a worshipper of Ashenzari the Shackled
  4459 | D:6      | Reached * piety under Ashenzari
  4459 | D:6      | Reached ** piety under Ashenzari
  4527 | D:6      | Found a glowing golden altar of the Shining One.
  4528 | D:6      | Found a shadowy altar of Dithmenos.
  4755 | D:6      | Reached XP level 9. HP: 70/75 MP: 8/8
  4830 | D:6      | Found a burning altar of Makhleb.
  5039 | D:7      | Found a transporter.
  5043 | D:7      | Noticed a cyclops
  5057 | D:7      | Noticed a centaur warrior
  5105 | D:7      | Found a transporter.
  5118 | D:7      | Found a white marble altar of Elyvilon.
  5706 | D:7      | Found Giokhene's Book Shop.
  5711 | D:7      | Bought a book of Misfortune for 260 gold pieces
  5713 | D:7      | Learned a level 1 spell: Confusing Touch
  5717 | D:7      | Learned a level 3 spell: Confuse
  6140 | D:8      | Noticed a two-headed ogre
  7190 | D:8      | Reached skill level 1 in Spellcasting
  7190 | D:8      | Reached skill level 1 in Hexes
  7966 | D:8      | Found Ziplilos's Antique Armour Boutique.
  8329 | D:9      | Reached XP level 10. HP: 77/83 MP: 7/11
  8378 | D:10     | Entered Level 10 of the Dungeon
  8556 | D:9      | Found a stormy altar of Qazlal.
  8590 | D:9      | Noticed Maurice
  8612 | D:9      | Killed Maurice
  9273 | D:8      | Noticed a two-headed ogre
  9292 | D:8      | Killed a two-headed ogre
  9430 | D:8      | Killed a two-headed ogre
  9430 | D:8      | Reached skill level 5 in Stealth
  9536 | D:8      | Learned a level 1 spell: Corona
  9539 | D:8      | Learned a level 2 spell: Ensorcelled Hibernation
  9540 | D:8      | Found a staircase to the Lair.
  9845 | D:8      | Noticed a death knight
 10197 | D:7      | Identified 3 scrolls of acquirement
 10203 | D:7      | Got the cursed quick blade "Viuqeidu" {pain, *Drain rElec
                  | Str+4 Stlth+}
 10204 | D:7      | Identified the cursed +7 quick blade "Viuqeidu" {pain,
                  | *Drain rElec Str+4 Stlth+} (You acquired it on level 7 of
                  | the Dungeon)
 10333 | D:10     | Found Tirphes's Food Emporium.
 10430 | D:10     | Reached XP level 11. HP: 92/92 MP: 14/14
 10562 | D:10     | Found a staircase to the Orcish Mines.
 10631 | D:10     | Found a roughly hewn altar of Beogh.
 10880 | D:10     | Reached *** piety under Ashenzari
 11217 | D:12     | Noticed Nergalle
 11231 | D:12     | Noticed a cyclops
 11232 | D:12     | Killed Nergalle
 11245 | D:12     | Killed a cyclops
 11306 | D:12     | Found a gate leading to a gauntlet.
 11307 | D:12     | Found a white marble altar of Elyvilon.
 11339 | D:12     | Noticed a death drake
 11353 | D:12     | Killed a death drake
 11468 | Gauntlet | Entered a Gauntlet
 11468 | Gauntlet | Found a transporter.
 11477 | Gauntlet | Found a transporter.
 11492 | Gauntlet | Found a transporter.
 11497 | Gauntlet | Found a transporter.
 11511 | Gauntlet | Noticed a sixfirhy
 11512 | Gauntlet | Found a transporter.
 11513 | Gauntlet | Identified the +4 hand crossbow "Ufuw" {elec, rF+ rC-
                  | Dex+3}
 11523 | Gauntlet | Noticed a sixfirhy
 11531 | Gauntlet | Found a transporter.
 11531 | Gauntlet | Noticed an orange crystal statue
 11539 | Gauntlet | Noticed a sixfirhy
 11540 | Gauntlet | Noticed a sixfirhy
 11543 | Gauntlet | Found a transporter.
 11549 | Gauntlet | Found a transporter.
 11561 | Gauntlet | Noticed a sixfirhy
 11564 | Gauntlet | Found a transporter.
 11565 | Gauntlet | Noticed a sixfirhy
 11567 | Gauntlet | Noticed a sixfirhy
 11574 | Gauntlet | Noticed a wizard
 11576 | Gauntlet | Found a transporter.
 11580 | Gauntlet | Noticed a wizard
 11584 | Gauntlet | Noticed a death scarab
 11584 | Gauntlet | Noticed a death scarab
 11591 | Gauntlet | Found a transporter.
 11605 | Gauntlet | Found a transporter.
 11616 | Gauntlet | Identified the cursed +1 mace of the Five Souls {protect,
                  | rC+ Int+5 Stlth-}
 11623 | Gauntlet | Found a transporter.
 11625 | Gauntlet | Found a transporter.
 11652 | Gauntlet | Found a transporter.
 11652 | Gauntlet | Found a transporter.
 11659 | Gauntlet | Identified the ring "Mukimell" {rC+ rN+}
 11672 | Gauntlet | Found a transporter.
 11836 | Gauntlet | Got the cursed crystal plate armour of the Modern Mice
                  | {rElec rN+ Str+2}
 11838 | Gauntlet | Got the cursed buckler of Reason {rPois rC+}
 11839 | Gauntlet | Identified the cursed +12 crystal plate armour of the
                  | Modern Mice {rElec rN+ Str+2} (You acquired it in a
                  | Gauntlet)
 11859 | Gauntlet | Found a transporter.
 12048 | Gauntlet | Noticed a minotaur
 12064 | Gauntlet | Killed a wizard
 12091 | Gauntlet | Killed a minotaur
 12113 | Gauntlet | Identified the +0 leather armour of Peek-a-Boo {rElec MR+
                  | Regen+ Slay-3}
 12120 | Gauntlet | Identified the Guide on Protection
 12202 | D:12     | Noticed a tengu warrior
 12212 | D:12     | Noticed a tengu warrior
 12248 | D:12     | Killed a tengu warrior
 12252 | D:12     | Noticed Sonja
 12280 | D:12     | Killed a tengu warrior
 12280 | D:12     | Reached XP level 12. HP: 83/102 MP: 13/16
 12292 | D:12     | Cast into level 2 of the Abyss (Sonja)
 12328 | Abyss:2  | Found a corrupted altar of Lugonu.
 12499 | Abyss:2  | Noticed a wretched star
 12505 | Abyss:2  | Noticed a tentacled starspawn
 12524 | Abyss:2  | Killed a wretched star
 12570 | Abyss:2  | Killed a tentacled starspawn
 12608 | Abyss:2  | Noticed a starcursed mass
 12620 | Abyss:2  | Noticed an ironheart preserver
 12623 | Abyss:2  | Noticed a blizzard demon
 12703 | Abyss:3  | Found a corrupted altar of Lugonu.
 12703 | Abyss:3  | Found a corrupted altar of Lugonu.
 12769 | Abyss:3  | Noticed a starcursed mass
 12842 | Abyss:3  | Reached **** piety under Ashenzari
 12862 | Abyss:3  | Noticed a deep elf sorcerer
 12872 | Abyss:3  | Noticed a thrashing horror
 12882 | D:12     | Escaped the Abyss
 12931 | D:12     | Killed Sonja
 13219 | Lair:1   | Entered Level 1 of the Lair of Beasts
 13551 | Lair:1   | Reached skill level 10 in Dodging
 13672 | Lair:1   | Reached skill level 10 in Armour
 13848 | Lair:1   | Reached XP level 13. HP: 108/111 MP: 15/17
 14036 | Lair:2   | Found an ancient bone altar of Kikubaaqudgha.
 14165 | Lair:2   | Reached skill level 10 in Short Blades
 14254 | Lair:2   | Found a staircase to the Swamp.
 14591 | Lair:3   | Reached skill level 1 in Evocations
 14664 | Lair:3   | Found a hole to the Spider Nest.
 15902 | Lair:4   | Reached ***** piety under Ashenzari
 15929 | Lair:4   | Found a shimmering altar of Xom.
 16613 | Lair:5   | Learned a level 5 spell: Borgnjor's Vile Clutch
 16655 | Lair:5   | Reached skill level 10 in Fighting
 16842 | Lair:5   | Reached skill level 1 in Necromancy
 17240 | Lair:5   | Reached XP level 14. HP: 115/121 MP: 16/18
 17424 | Lair:6   | Entered Level 6 of the Lair of Beasts
 17636 | Lair:6   | Noticed a dire elephant
 17636 | Lair:6   | Noticed a dire elephant
 17681 | Lair:6   | Killed a dire elephant
 17712 | Lair:6   | Killed a dire elephant
 17778 | Lair:6   | Noticed a dire elephant
 17807 | Lair:6   | Killed a dire elephant
 17809 | Lair:6   | Noticed a dire elephant
 17845 | Lair:6   | Killed a dire elephant
 17845 | Lair:6   | Reached skill level 5 in Hexes
 17885 | Lair:6   | Noticed a dire elephant
 17920 | Lair:6   | Killed a dire elephant
 18061 | Lair:6   | Noticed a dire elephant
 18089 | Lair:6   | Killed a dire elephant
 18270 | Lair:6   | Identified the +2 long sword of Purpose {slice, rN+ Stlth+}
 18682 | Lair:6   | Found a viscous altar of Jiyva.
 18683 | Lair:6   | Found a staircase to the Slime Pits.
 19489 | Swamp:1  | Entered Level 1 of the Swamp
 19489 | Swamp:1  | Noticed a thorn hunter
 19499 | Swamp:1  | Noticed a thorn hunter
 19535 | Lair:2   | Killed a thorn hunter
 19922 | Orc:1    | Entered Level 1 of the Orcish Mines
 20113 | Orc:1    | Found a flagged portal.
 20152 | Bailey   | Entered a bailey
 20200 | Bailey   | Reached XP level 15. HP: 98/127 MP: 15/20
 20798 | Orc:2    | Entered Level 2 of the Orcish Mines
 21135 | Orc:2    | Found a staircase to the Elven Halls.
 21195 | Orc:2    | Found Niev's Antique Weapon Boutique.
 21199 | Orc:2    | Found Toucw's Antique Weapon Shop.
 21442 | Orc:2    | Reached skill level 5 in Evocations
 21472 | Orc:2    | Found Ekhlom's Weapon Emporium.
 21481 | Orc:2    | Found Okizes's Magic Scroll Boutique.
 21554 | Orc:2    | Bought a scroll of teleportation for 48 gold pieces
 21554 | Orc:2    | Bought a scroll of teleportation for 48 gold pieces
 21554 | Orc:2    | Bought a scroll of teleportation for 48 gold pieces
 21554 | Orc:2    | Bought a scroll of acquirement for 832 gold pieces
 22270 | D:7      | Got the cursed buckler "Ruokh" {rPois rC+ Regen+}
 23361 | D:11     | Noticed Grum
 23379 | D:11     | Killed Grum
 23628 | D:12     | Reached skill level 5 in Necromancy
 24180 | D:13     | Found a runed translucent door.
 24183 | D:13     | Noticed bmj180's ghost (journeyman HOFi)
 24184 | D:13     | Identified the +6 trident of Defence by Offence {vamp,
                  | *Corrode +Fly MR+++ Dex-4}
 24307 | D:13     | Reached skill level 5 in Spellcasting
 24445 | D:13     | Reached ****** piety under Ashenzari
 25134 | D:13     | Reached XP level 16. HP: 126/137 MP: 20/22
 25134 | D:13     | Cast into level 3 of the Abyss (bmj180's ghost)
 25148 | Abyss:3  | Identified the +9 long sword of Tienyqex {drain, rN+}
 25208 | D:13     | Escaped the Abyss
 25970 | D:14     | Found a gate to the Vaults.
 26476 | D:15     | Entered Level 15 of the Dungeon
 27046 | D:15     | Found a staircase to the Depths.
 27666 | Depths:1 | Entered Level 1 of the Depths
 28922 | Spider:1 | Entered Level 1 of the Spider Nest
 29312 | Spider:1 | Reached skill level 1 in Shields
 29864 | Spider:2 | Noticed Arachne
 30119 | Spider:1 | Killed Arachne
 30254 | Spider:2 | Reached XP level 17. HP: 140/146 MP: 22/24
 31103 | Spider:3 | Noticed sdfsdf's ghost (journeyman DDFi)
 31104 | Spider:3 | Identified the ring "Yrghufie" {Wiz rF+}
 31112 | Spider:3 | Found a transporter.
 31136 | Spider:3 | Found a transporter.
 31592 | Spider:4 | Entered Level 4 of the Spider Nest
 31910 | Spider:4 | Identified the Volume of Enhancements and Evil Arts
 32120 | Spider:4 | Identified the +2 leather armour "Uwimuel" {-Cast rElec rF+
                  | Str+4 SInv}
 32818 | Spider:4 | Got a gossamer rune of Zot
 33002 | Spider:3 | Killed sdfsdf's ghost
 33452 | Lair:1   | Identified the cursed +0 buckler "Ruokh" {rPois rC+ Regen+}
                  | (You acquired it on level 7 of the Dungeon)
 33461 | Lair:1   | Identified the cursed +3 buckler of Reason {rPois rC+} (You
                  | acquired it in a Gauntlet)
 33633 | Swamp:1  | Reached XP level 18. HP: 102/155 MP: 18/27
 33881 | Swamp:1  | Found a transporter.
 33883 | Swamp:1  | Found a transporter.
 33901 | Swamp:1  | Found a transporter.
 33915 | Swamp:1  | Found a transporter.
 34158 | Swamp:1  | Found a transporter.
 34528 | Swamp:2  | Found a bloodstained altar of Trog.
 35328 | Swamp:3  | Found a runed translucent gate.
 35328 | Swamp:3  | Found a runed translucent gate.
 35329 | Swamp:3  | Found a runed translucent gate.
 35358 | Swamp:3  | Noticed ABBCCCDDDD's ghost (adept VSFi)
 35359 | Swamp:3  | Noticed Redear's ghost (journeyman FeBe)
 35429 | Swamp:3  | Killed Redear's ghost
 35492 | Swamp:3  | Killed ABBCCCDDDD's ghost
 36311 | Swamp:4  | Entered Level 4 of the Swamp
 38113 | Swamp:4  | Noticed a bone dragon
 38206 | Swamp:4  | Killed a bone dragon
 38214 | Swamp:4  | Got a decaying rune of Zot
 39253 | Swamp:1  | Reached skill level 10 in Stealth
 39785 | Slime:1  | Entered Level 1 of the Pits of Slime
 39976 | Elf:1    | Entered Level 1 of the Elven Halls
 39976 | Elf:1    | Identified the cursed +1 glaive of Grace {elec, rC+}
 39976 | Elf:1    | Noticed Louise
 40006 | Elf:1    | Killed Louise
 40320 | Elf:1    | Noticed Nikola
 40330 | Elf:1    | Noticed Aizul
 40336 | Elf:1    | Killed Nikola
 40336 | Elf:1    | Reached skill level 5 in Shields
 40361 | Elf:1    | Killed Aizul
 40361 | Elf:1    | Reached XP level 19. HP: 103/163 MP: 19/29
 40421 | Elf:1    | Noticed Jorgrun
 40454 | Elf:1    | Killed Jorgrun
 40998 | Elf:1    | Identified the Disquisition on Darkness
 41037 | Elf:1    | Found Orickeof's Assorted Antiques.
 41040 | Elf:1    | Bought 2 scrolls of teleportation for 156 gold pieces
 41040 | Elf:1    | Bought a scroll of remove curse for 78 gold pieces
 42105 | Elf:2    | Found a runed translucent gate.
 42106 | Elf:2    | Found a runed translucent gate.
 42111 | Elf:2    | Found a runed translucent gate.
 42194 | Elf:2    | Reached skill level 15 in Dodging
 42512 | Elf:3    | Entered Level 3 of the Elven Halls
 42911 | Elf:2    | Reached skill level 15 in Armour
 43208 | Elf:3    | Noticed Roxanne
 43305 | Elf:3    | Killed Roxanne
 44015 | Elf:3    | Reached XP level 20. HP: 131/172 MP: 24/31
 44234 | Elf:3    | Identified the +0 trident of the Hawk {flame, rElec Int+3}
 44237 | Elf:3    | Cast into level 2 of the Abyss (a deep elf demonologist)
 44518 | Abyss:4  | Found a corrupted altar of Lugonu.
 44543 | Abyss:5  | Entered Level 5 of the Abyss
 44543 | Abyss:5  | Entered Level 5 of the Abyss
 44579 | Elf:3    | Escaped the Abyss
 44709 | Elf:3    | Identified the amulet "Fasutac" {RegenMP rF+ Str-3 Int+4}
 44777 | Elf:3    | Identified the +9 long sword "Orb Guardian's Regret"
                  | {freeze, rPois Str+4}
 44808 | Elf:3    | Identified the +6 double sword of Guile {protect, Dex+3}
 44811 | Elf:3    | Noticed a Brimstone Fiend
 44895 | Elf:3    | Identified the cursed +1 shortbow "Ahuatz" {freeze, rElec
                  | rC+ Dex+3 Stlth+}
 44895 | Elf:3    | Identified the +6 hand crossbow of Geutu Iha {penet, *Drain
                  | rElec Str+6}
 44895 | Elf:3    | Identified Liuptoqe's Guide on Ensnaring Ignition
 44897 | Elf:3    | Identified the Handbook of the Ass
 45060 | Elf:3    | Noticed a Brimstone Fiend
 46023 | D:7      | Bought a book of Minor Magic for 260 gold pieces
 46026 | D:7      | Learned a level 2 spell: Blink
 46030 | D:7      | Learned a level 3 spell: Mephitic Cloud
 46190 | Vaults:1 | Entered Level 1 of the Vaults
 46355 | Vaults:1 | Reached skill level 1 in Earth Magic
 46379 | Vaults:1 | Reached skill level 1 in Poison Magic
 46461 | Vaults:1 | Reached skill level 1 in Translocations
 46479 | Vaults:1 | Reached skill level 1 in Air Magic
 47317 | Vaults:1 | Reached XP level 21. HP: 160/181 MP: 28/32
 48056 | Vaults:2 | Noticed Sojobo
 48267 | Vaults:1 | Reached skill level 1 in Conjurations
 48999 | Vaults:2 | Killed Sojobo
 49077 | Vaults:2 | Noticed Bai Suzhen
 49371 | Vaults:2 | Found a runed translucent gate.
 49371 | Vaults:2 | Found a runed translucent gate.
 49371 | Vaults:2 | Found a runed translucent gate.
 49372 | Vaults:2 | Noticed astronautguy's ghost (master FoEE)
 49980 | Vaults:2 | Killed Bai Suzhen
 49980 | Vaults:2 | Reached XP level 22. HP: 141/190 MP: 27/33
 50487 | Vaults:2 | Identified the cursed +1 pearl dragon scales "Faly" {rC+++
                  | rN+ Str-5 Dex+8}
 50492 | Vaults:2 | Found an iron altar of Okawaru.
 51310 | Vaults:3 | Reached skill level 10 in Hexes
 51394 | Vaults:3 | Found a magical portal.
 51403 | WizLab   | Entered Zonguldrok's Shrine
 52054 | WizLab   | Noticed an antique lich
 52150 | WizLab   | Killed an antique lich
 52156 | WizLab   | Found the +9 sword of Zonguldrok {reap}
 52661 | Vaults:3 | Found a staircase to the Crypt.
 53544 | Vaults:3 | Noticed Margery
 53615 | Vaults:3 | Killed Margery
 54138 | Vaults:4 | Found Ninogy's Assorted Antiques.
 54141 | Vaults:4 | Bought a translucent large shield for 332 gold pieces
 54141 | Vaults:4 | Identified the +7 large shield of Peubuwn {*Drain rF+
                  | Regen+ Str+9} (You bought it in a shop on level 4 of the
                  | Vaults)
 54276 | Vaults:4 | Reached skill level 15 in Fighting
 54349 | Vaults:4 | Reached XP level 23. HP: 166/199 MP: 31/34
 55180 | Vaults:4 | Found a roughly hewn altar of Beogh.
 55866 | Crypt:1  | Entered Level 1 of the Crypt
 56450 | D:13     | Cast into level 2 of the Abyss (bmj180's ghost)
 56762 | Abyss:4  | Found a corrupted altar of Lugonu.
 56863 | Abyss:4  | Found a corrupted altar of Lugonu.
 56888 | Abyss:4  | Paralysed by accursed screaming for 1 turns
 56892 | Abyss:4  | Paralysed by accursed screaming for 1 turns
 56915 | Abyss:4  | Got an abyssal rune of Zot
 56969 | D:13     | Escaped the Abyss
 57541 | Depths:1 | Found a one-way gate to the infinite horrors of the Abyss.
 57952 | Depths:1 | Got the rapier of Arbitration {venom, rF+ rN++ MR- Int+3}
 57953 | Depths:1 | Identified the +7 rapier of Arbitration {venom, rF+ rN++
                  | MR- Int+3} (You found it on level 1 of the Depths)
 58068 | Depths:1 | Found a gateway to Hell.
 58399 | Depths:2 | Found a gateway to a ziggurat.
 58563 | Depths:2 | Found a one-way gate leading to the halls of Pandemonium.
 58672 | Depths:2 | Reached XP level 24. HP: 99/206 MP: 22/34
 59434 | Depths:2 | Paralysed by a vampire knight for 6 turns
 59617 | Depths:2 | Noticed a juggernaut
 59655 | Depths:2 | HP: 7/209 [sphinx/divine providence (10)]
 59816 | Depths:2 | HP: 9/209 [stone giant (19)]
 60503 | Depths:2 | Identified the +5 ring mail "Neesuucidy" {Stlth+}
 60612 | Depths:2 | Killed a juggernaut
 60749 | Depths:2 | Identified the +0 robe of the Invisible Hand {rPois rF+}
 61468 | Depths:2 | Paralysed by a lich for 7 turns
 62441 | Crypt:1  | Found a huge runed gate.
 62451 | Crypt:1  | Found a huge runed gate.
 62906 | Crypt:1  | Reached XP level 25. HP: 141/216 MP: 31/35
 63148 | Crypt:1  | Found a huge runed gate.
 63148 | Crypt:1  | Found a huge runed gate.
 63148 | Crypt:1  | Found a huge runed gate.
 63148 | Crypt:1  | Found a huge runed gate.
 63157 | Crypt:1  | Found a huge runed gate.
 63172 | Crypt:1  | Noticed an ancient lich
 63172 | Crypt:1  | Noticed an ancient lich
 63239 | Crypt:1  | Killed an ancient lich
 63278 | Crypt:1  | Cast into level 5 of the Abyss (an ancient lich)
 63278 | Abyss:5  | Entered Level 5 of the Abyss
 63436 | Abyss:5  | Paralysed by accursed screaming for 1 turns
 63778 | Abyss:5  | Reached skill level 15 in Short Blades
 63832 | Crypt:1  | Escaped the Abyss
 63844 | Crypt:1  | Reached skill level 15 in Stealth
 63849 | Crypt:1  | Killed an ancient lich
 64207 | Crypt:1  | Got the dagger of Greed {pierce, rF- Int+4 Dex+7}
 64221 | Crypt:1  | Identified the +8 dagger of Greed {pierce, rF- Int+4 Dex+7}
                  | (You found it on level 1 of the Crypt)
 64609 | Crypt:1  | Upgraded the game from 0.23.1-37-gaa34b87 to
                  | 0.23.1-38-g628c18f
 65073 | Crypt:1  | Reached skill level 10 in Spellcasting
 66130 | Crypt:2  | Identified the Papyrus of Evil
 66786 | Crypt:3  | Entered Level 3 of the Crypt
 66961 | Crypt:3  | Reached XP level 26. HP: 158/226 MP: 31/36
 67298 | Crypt:3  | Noticed Saint Roka
 67338 | Crypt:3  | Killed Saint Roka
 67573 | Crypt:3  | Paralysed by a sphinx for 4 turns
 67804 | Crypt:3  | Noticed a greater mummy
 68142 | Crypt:3  | Identified the +10 falchion of Discomfort {slice, rF+++
                  | Int+2}
 68170 | Crypt:3  | Killed a greater mummy
 68674 | Crypt:3  | Reduced skill Necromancy to level 5
 68687 | Crypt:3  | Identified the cursed +0 plate armour "Sirchocee" {Regen+
                  | Str+2}
 68794 | Crypt:3  | Found the +0 sword of Power
 68813 | Crypt:3  | Identified the Reference Book on Stolen Souls
 69106 | Crypt:3  | Found a staircase to the Tomb.
 69113 | Tomb:1   | Entered Level 1 of the Tomb of the Ancients
 69153 | Tomb:1   | Got the uncursed cloak of Uteepaufi {Int+6 Dex-3}
 69925 | Tomb:1   | Noticed a greater mummy
 70022 | Tomb:1   | HP: 9/227 [bennu (4)]
 70026 | Tomb:1   | HP: 2/227 [bennu (7)]
 70026 | Tomb:1   | Demolished by a bennu

Skill      XL: |  1  2  3  4  5  6  7  8  9 10 11 12 13 14 15 16 17 18 19 20 21 22 23 24 25 26 |
---------------+-------------------------------------------------------------------------------+-----
Armour         | 1 2 3 4 5 6 7 8 10 11 12 13 14 15 16 17 18 19 | 19.1
Short Blades   | 3 4 5 6 7 8 9 10 11 12 13 14 15 16 | 16.1
Dodging        | 3 4 5 6 7 8 10 11 12 13 14 15 16 17 18 19 | 19.2
Stealth        | 3 4 5 6 8 9 10 11 12 13 14 15 | 15.8
Fighting       | 4 5 6 7 8 9 10 11 12 13 14 15 16 | 16.9
Spellcasting   | 1 2 3 4 5 6 7 8 9 10 | 10.5
Hexes          | 1 2 3 4 5 6 7 8 9 10 11 12 | 12.2
Evocations     | 3 4 5 6 |  6.6
Necromancy     | 1 3 5 6 7 8 5 |  5.7
Shields        | 1 3 5 6 7 |  7.2
Earth Magic    | 2 |  2.1
Poison Magic   | 2 4 |  4.4
Translocations | 1 2 |  2.4
Air Magic      | 1 3 |  3.9
Conjurations   | 2 3 |  3.7
Throwing       | |  0.6

Action                   |  1- 3 |  4- 6 |  7- 9 | 10-12 | 13-15 | 16-18 | 19-21 | 22-24 | 25-27 || total
-------------------------+-------+-------+-------+-------+-------+-------+-------+-------+-------++-------
Melee: Short sword       |   126 |   186 |       |       |       |       |       |       |       ||   312
       Dagger            |       |   139 |   719 |   287 |       |       |       |       |   280 ||  1425
       Quick blade       |       |       |       |   901 |  2607 |  3558 |  2963 |  2156 |       || 12185
       Rapier            |       |       |       |       |       |       |       |  1804 |  1746 ||  3550
Throw: Tomahawk          |       |       |     3 |       |       |       |       |       |       ||     3
       Throwing net      |       |       |       |     1 |     1 |     3 |       |     1 |       ||     6
 Cast: Confusing Touch   |       |       |     9 |    19 |     7 |    60 |    67 |    24 |    87 ||   273
       Ensorcelled Hiber |       |       |       |       |       |       |       |     1 |       ||     1
       Mephitic Cloud    |       |       |       |       |       |       |       |       |     1 ||     1
Invok: Curse Item        |       |       |       |     1 |     1 |     2 |       |       |       ||     4
       Transfer Knowledg |       |       |       |       |       |       |       |       |     1 ||     1
 Abil: Evoke Invisibilit |       |       |       |       |       |       |     1 |       |       ||     1
Evoke: Wand              |       |       |     8 |     7 |     5 |     3 |     8 |     9 |     8 ||    48
  Use: Potion            |     2 |     1 |     4 |     8 |     1 |     5 |     2 |    17 |     7 ||    47
       Scroll            |       |    10 |     7 |    12 |     9 |    17 |    18 |    15 |     6 ||    94
 Stab: Sleeping          |     2 |     2 |     3 |     4 |       |       |       |       |       ||    11
       Distracted        |       |     1 |     1 |     1 |     1 |       |       |       |       ||     4
       Invisible         |       |       |     1 |       |       |       |     6 |       |     5 ||    12
       Confused          |       |       |    10 |    23 |    10 |    86 |    67 |    15 |    75 ||   286
       Paralysed         |       |       |       |     6 |       |       |       |     1 |       ||     7
       Fleeing           |       |       |       |       |       |     1 |       |       |       ||     1
       Held in net/web   |       |       |       |       |       |       |       |     4 |       ||     4
  Eat: Chunk             |    12 |    24 |    43 |    37 |    83 |    86 |    85 |    99 |    59 ||   528
       Ration            |       |       |       |     1 |       |     3 |       |       |     2 ||     6
Armor: Robe              |    13 |    10 |       |       |       |       |       |       |       ||    23
       Chain mail        |       |    62 |       |       |       |       |       |       |       ||    62
       Ring mail         |       |    37 |   163 |    34 |       |       |       |       |       ||   234
       Troll leather arm |       |       |       |    52 |       |       |       |       |       ||    52
       Crystal plate arm |       |       |       |   241 |   757 |  1496 |   876 |  1259 |  1174 ||  5803
Dodge: Dodged            |    88 |   170 |   372 |   340 |   617 |  1053 |   536 |   996 |   871 ||  5043
       Deflected         |       |       |       |       |       |       |       |    13 |     5 ||    18
Block: Buckler           |       |       |       |       |       |   713 |   587 |   953 |   913 ||  3166
       Reflection        |       |       |       |       |       |     5 |    53 |    47 |       ||   105
